AoeStats
← Velox_M_B

Black Forest

510280889Analyzed
4v4 RM · 1d ago on Sep 30, 2026· 103m 48s· 8 players
Game mode
Random Map
Map size
Large (8 player)
Population
200
Speed
Normal
Resources
Standard
Victory
Conquest
Starting age
Dark Age
Ending age
Imperial Age
RankedLock teamsTeams togetherTeam positionsShared explorationLock speedFull tech treeHidden civsTurbo modeCheats
Victory
Defeat
🇪🇪 Britons · Estonia
714
+33
707
+14
🇨🇦 Teutons · Canada
696
+27
🇮🇱 Franks · Israel
662
+16
🇮🇹 Franks · Italy
765
-18
🇭🇰 Britons · Hong Kong SAR China
715
-16
🇬🇧 Teutons · United Kingdom
612
-13
🇻🇳 Chinese · Vietnam
591
-12
neuro
10:35 Feudal Age
10:55 Horse Collar
12:16 Double-Bit Axe
13:33 Loom
13:42 Loom
18:02 Castle Age
16:29 Fletching
16:40 Padded Archer Armor
17:20 Gold Mining
17:33 Stone Mining
22:09 Bodkin Arrow
27:03 Bow Saw
27:00 Heavy Plow
27:44 Fervor
29:38 Leather Archer Armor
29:34 Forging
29:24 Scale Mail Armor
29:03 Crossbowman
30:26 Yeomen
34:45 Imperial Age
33:38 Wheelbarrow
32:48 Town Watch
33:43 Iron Casting
33:23 Chain Mail Armor
34:03 Squires
33:24 Pikeman
35:13 Gold Shaft Mining
36:08 Hand Cart
35:53 Town Patrol
35:21 Elite Longbowman
37:48 Conscription
38:09 Hoardings
39:02 Halberdier
42:17 Arson
43:00 Bracer
43:31 Ring Archer Armor
44:01 Blast Furnace
43:32 Plate Mail Armor
44:06 Ballistics
43:31 Arrowslits
43:42 Murder Holes
44:49 Chemistry
46:58 Warwolf
46:39 Arbalester
53:59 Scale Barding Armor
54:28 Cavalier
55:08 Husbandry
57:10 Chain Barding Armor
62:32 Plate Barding Armor
62:34 Heavy Scorpion
63:52 Light Cavalry
75:18 Elite Skirmisher
78:44 Caravan
93:27 Capped Ram
LE WILLY WALLER
5:50 Loom
15:23 Feudal Age
15:52 Horse Collar
16:00 Double-Bit Axe
17:53 Wheelbarrow
21:29 Gold Mining
26:21 Castle Age
25:48 Stone Mining
27:08 Heavy Plow
27:27 Bow Saw
27:15 Fishing Lines
29:23 Hand Cart
29:41 Hand Cart
34:19 Stone Shaft Mining
38:03 Elite Skirmisher
38:04 Crossbowman
38:33 Arson
38:48 Squires
38:09 Pikeman
38:09 Man-at-Arms
38:35 Gambesons
41:28 Long Swordsman
45:45 Imperial Age
45:56 Padded Archer Armor
45:56 Scale Mail Armor
46:07 Forging
45:48 Fletching
46:03 Scale Barding Armor
49:21 Heavy Mounted Crossbowman
49:30 Halberdier
49:30 Two-Handed Swordsman
54:55 Fortified Wall
54:40 Guard Tower
62:13 Champion
67:48 Two-Man Saw
67:23 Crop Rotation
69:55 Cavalier
70:46 Bloodlines
70:26 Town Watch
72:05 Town Patrol
72:20 Heated Shot
72:56 Ballistics
93:07 Keep
92:47 Masonry
Trennan Acetate - I don't lose
5:54 Loom
13:15 Feudal Age
14:40 Wheelbarrow
13:54 Double-Bit Axe
13:49 Man-at-Arms
15:15 Arson
18:56 Town Watch
19:14 Scale Mail Armor
19:25 Forging
20:09 Fletching
25:31 Castle Age
26:05 Long Swordsman
26:32 Gambesons
26:47 Squires
27:02 Bloodlines
27:51 Hand Cart
27:48 Bodkin Arrow
28:21 Gold Mining
28:22 Stone Mining
29:20 Bow Saw
31:13 Scale Barding Armor
32:42 Town Patrol
33:51 Chain Mail Armor
33:28 Horse Collar
40:45 Stone Shaft Mining
40:50 Ironclad
43:37 Heavy Plow
45:16 Iron Casting
45:02 Chain Barding Armor
48:01 Imperial Age
47:27 Ballistics
49:55 Chemistry
49:11 Elite Skirmisher
50:30 Padded Archer Armor
51:34 Blast Furnace
51:05 Plate Mail Armor
56:51 Two-Man Saw
73:26 Padded Archer Armor
90:38 Caravan
92:18 Two-Handed Swordsman
94:13 Blast Furnace
93:43 Plate Mail Armor
93:29 Leather Archer Armor
93:51 Plate Barding Armor
94:07 Champion
95:16 Pikeman
95:59 Halberdier
uthman ibn affan
15:45 Feudal Age
18:15 Double-Bit Axe
19:44 Fishing Lines
25:44 Castle Age
27:43 Gillnets
30:22 Gold Mining
31:12 Wheelbarrow
30:54 Bow Saw
32:11 Hand Cart
33:34 Gold Shaft Mining
32:49 Stone Mining
39:17 Scale Barding Armor
41:57 Imperial Age
40:04 Husbandry
40:30 Chain Barding Armor
41:55 Pikeman
42:35 Squires
42:10 Cavalier
43:30 Plate Barding Armor
43:27 Caravan
43:57 Coinage
44:05 Chivalry
43:26 Elite Throwing Axeman
43:45 Paladin
52:55 Banking
67:54 Arson
68:36 Halberdier
77:15 Padded Archer Armor
77:05 Fletching
77:25 Forging
77:16 Scale Mail Armor
78:58 Leather Archer Armor
78:38 Bodkin Arrow
82:04 Chain Mail Armor
84:03 Plate Mail Armor
84:09 Iron Casting
83:29 Bodkin Arrow
90:59 Blast Furnace
whatabluemonkey
1:11 Loom
15:06 Feudal Age
15:52 Double-Bit Axe
17:46 Horse Collar
18:42 Gold Mining
21:24 Wheelbarrow
28:03 Castle Age
26:16 Scale Mail Armor
27:50 Forging
29:20 Bow Saw
29:24 Heavy Plow
29:37 Stone Mining
32:39 Caravan
35:05 Stone Shaft Mining
34:53 Hand Cart
36:18 Iron Casting
35:59 Chain Mail Armor
37:14 Fortified Wall
37:20 Masonry
39:27 Squires
39:49 Man-at-Arms
40:14 Gambesons
41:05 Long Swordsman
44:52 Arson
49:03 Imperial Age
49:53 Pikeman
51:04 Conscription
51:26 Plate Mail Armor
51:57 Blast Furnace
50:36 Halberdier
Velox_M_B
0:28 Loom
13:42 Feudal Age
14:16 Double-Bit Axe
18:57 Gold Mining
20:13 Stone Mining
23:14 Castle Age
22:42 Forging
24:48 Gold Shaft Mining
25:07 Bow Saw
26:34 Wheelbarrow
27:22 Husbandry
34:53 Imperial Age
32:41 Treadmill Crane
33:22 Ballistics
34:19 Iron Casting
33:47 Ordonnance Companies
34:31 Town Watch
35:14 Scale Barding Armor
35:02 Fletching
36:14 Conscription
37:41 Chivalry
37:51 Bodkin Arrow
37:28 Cavalier
38:38 Paladin
38:50 Elite Skirmisher
42:05 Blast Furnace
42:25 Murder Holes
45:42 Padded Archer Armor
47:18 Chemistry
47:40 Pikeman
49:07 Halberdier
50:46 Squires
51:50 Chain Barding Armor
53:22 Leather Archer Armor
52:31 Cranequins
54:38 Heavy Mounted Crossbowman
55:46 Caravan
55:43 Light Cavalry
59:53 Hoardings
62:50 Scale Mail Armor
63:25 Plate Barding Armor
68:17 Siege Engineers
68:33 Chain Mail Armor
69:12 Gambesons
69:13 Arson
GURU
1:00 Loom
10:54 Feudal Age
12:15 Wheelbarrow
11:30 Horse Collar
11:38 Double-Bit Axe
14:37 Bloodlines
15:17 Gold Mining
19:26 Castle Age
19:13 Town Watch
19:34 Crossbowman
20:38 Bow Saw
23:49 Hand Cart
25:16 Fletching
26:09 Padded Archer Armor
36:43 Imperial Age
34:20 Bodkin Arrow
36:12 Leather Archer Armor
35:25 Pikeman
36:55 Scale Mail Armor
36:59 Squires
37:55 Gold Shaft Mining
38:15 Conscription
39:13 Two-Man Saw
38:23 Halberdier
39:37 Bracer
40:25 Great Wall
40:45 Chain Mail Armor
41:35 Ring Archer Armor
42:59 Ballistics
43:03 Forging
44:37 Caravan
46:16 Heated Shot
46:55 Heavy Plow
50:22 Chemistry
50:18 Iron Casting
52:06 Blast Furnace
52:11 Coinage
53:09 Plate Mail Armor
53:17 Elite Chu Ko Nu
55:53 Banking
72:51 Elite Skirmisher
76:52 Town Patrol
佟少爷
2:00 Loom
13:39 Feudal Age
14:22 Horse Collar
14:34 Double-Bit Axe
21:57 Castle Age
20:30 Stone Mining
20:31 Gold Mining
24:49 Wheelbarrow
24:23 Town Watch
24:54 Heavy Plow
26:17 Bow Saw
26:14 Padded Archer Armor
29:03 Gold Shaft Mining
30:27 Fortified Wall
31:26 Murder Holes
31:54 Ballistics
31:29 Fletching
32:50 Bodkin Arrow
33:10 Leather Archer Armor
35:35 Yeomen
44:03 Imperial Age
41:54 Hand Cart
41:39 Town Patrol
43:27 Masonry
45:57 Ring Archer Armor
45:28 Bracer
46:08 Conscription
45:45 Elite Longbowman
49:19 Chemistry
48:29 Siege Engineers
90:18 Scale Barding Armor
90:25 Forging
89:47 Light Cavalry
90:29 Husbandry
92:05 Chain Barding Armor
94:08 Iron Casting
94:19 Plate Barding Armor
Connection lost

Rejoining the realm…

Still unreachable

The connection could not be restored.

Session expired

The server has moved on; the page needs a fresh start.